 Dungeon Crawl Stone Soup version 0.26.1-11-gd32895ea62 (webtiles) character file.

Game seed: 412909385619027814

378 raph the Digger (level 6, -6/32 HPs)
             Began as a Deep Elf Earth Elementalist on Apr 17, 2021.
             Killed by divine providence
             ... invoked by an orc priest
              (13 damage)
             ... on level 4 of the Dungeon.
             The game lasted 00:07:18 (4802 turns).

raph the Digger (Deep Elf Earth Elementalist)       Turns: 4802, Time: 00:07:20

Health: -6/32      AC:  6    Str:  5    XL:     6   Next: 45%
Magic:  12/14      EV: 14    Int: 22    God:
Gold:   234        SH:  0    Dex: 15    Spells: 2/13 levels left

rFire    . . .     SeeInvis .   v - +0 shortbow
rCold    . . .     Faith    .   (shield currently unavailable)
rNeg     . . .     Spirit   .   c - +0 robe
rPois    .         Reflect  .   d - +0 helmet
rElec    .         Harm     .   (no cloak)
rCorr    .         Rampage  .   (no gloves)
Will     .....                  j - +2 pair of boots
Stlth    ++........             i - amulet of the acrobat
HPRegen  0.10/turn              (no ring)
MPRegen  0.14/turn              (no ring)

@: no status effects
A: no striking features
a: no special abilities


You were on level 4 of the Dungeon.
You visited 1 branch of the dungeon, and saw 4 of its levels.

You collected 234 gold pieces.

Inventory:

Hand Weapons
 g - a +0 short sword
 s - a +0 long sword
 v - a +0 shortbow (weapon)
Missiles
 b - 79 stones
 w - 26 arrows (quivered ammo)
Armour
 c - a +0 robe (worn)
 d - a +0 helmet (worn)
 j - a +2 pair of boots (worn)
Jewellery
 i - an amulet of the acrobat (around neck)
Scrolls
 a - a scroll of enchant armour {unknown}
 e - 9 scrolls of teleportation {unknown}
 l - 5 scrolls of identify {unknown}
 n - a scroll of fear {unknown}
 p - a scroll of enchant weapon {unknown}
 u - a scroll of remove curse {unknown}
 x - a scroll of noise {unknown}
Potions
 f - 2 potions of mutation {unknown}
 h - 2 potions of berserk rage {unknown}
 k - a potion of might {unknown}
 m - a potion of heal wounds {unknown}
 o - 2 potions of resistance {unknown}
 q - 5 potions of curing {unknown}
 r - a potion of haste {unknown}
 t - a potion of brilliance {unknown}


   Skills:
 - Level 3.5 Dodging
 - Level 3.7 Stealth
 - Level 4.1 Spellcasting
 - Level 1.5 Conjurations
 - Level 1.1 Transmutations
 * Level 6.6 Earth Magic


You had 2 spell levels left.
You knew the following spells:

 Your Spells              Type           Power        Failure   Level
a - Sandblast             Erth           66%          1%          1
b - Passwall              Tmut/Erth      17%          3%          2
c - Stone Arrow           Conj/Erth      44%          6%          3
d - Lee's Rapid Deconstr  Erth           16%          21%         5

Your spell library contained the following spells:

 Spells                   Type           Power        Failure   Level
 Petrify                  Tmut/Erth      21%          22%         4


Dungeon Overview and Level Annotations

Branches:
Dungeon (4/15)
 Temple: D:4-7

Altars:
Ru

Annotations:
D:2 Terence


Message History

Fire: 28 arrows
Press: ? - help, Q - select action, (/) - cycle Shift-Dir - straight line, f/p - orc
Aim: an orc, wielding a +0 mace and wearing a +0 leather armour (57% to hit)
You shoot an arrow.
The arrow hits the orc but does no damage.
The orc hits you but does no damage.
The orc hits you from afar with a +0 trident.
Fire: 27 arrows
Press: ? - help, Q - select action, (/) - cycle Shift-Dir - straight line, f/p - orc
Aim: an orc, wielding a +0 mace and wearing a +0 leather armour (57% to hit)
You shoot an arrow. The arrow closely misses the orc.
The arrow hits the orc.
The orc is lightly wounded.
The orc hits you with a +0 mace.
The orc priest calls upon Beogh to heal the orc.
The orc's wounds heal themselves!
The orc hits you from afar with a +0 trident.
* * * LOW HITPOINT WARNING * * *
The orc priest mumbles some strange prayers to Beogh against you.
Beogh smites you!
You die...

#.# #.#..#
#.######.#..#
####.#......##.########
......................>
####.#.#######..####.##
#.#.# #....## #.#.#
#.....# #.#.# #...#[#
#.#.# #...#@# #.#.#
#...#o## #.#.# ###.#o.#
#.##o##.### #.#.)(....+
##+#.#.#.### #...o#...#
#.$..##(.#
........<......(


You could see an orc priest and 2 orcs.

Vanquished Creatures
  2 ogres
  A killer bee zombie (D:4)
  4 adders
  7 gnolls
  An ooze (D:2)
  4 worms (D:2)
  A dart slug (D:1)
  2 ball pythons
  8 bats
  2 giant cockroaches
  3 goblins
  5 hobgoblins
  10 jackals
  5 kobolds (D:1)
  3 quokkas
  2 frilled lizards
  A leopard gecko skeleton (D:4)
  7 rats
68 creatures vanquished.

Notes
Turn   | Place    | Note
-------+----------+-------------------------------------------
     0 | D:1      | raph the Deep Elf Earth Elementalist began the quest for
                  | the Orb.
     0 | D:1      | Reached XP level 1. HP: 10/10 MP: 6/6
   118 | D:1      | Reached XP level 2. HP: 11/15 MP: 4/8
  1205 | D:1      | Reached XP level 3. HP: 15/19 MP: 9/9
  1273 | D:1      | Learned a level 2 spell: Passwall
  1277 | D:1      | Learned a level 3 spell: Stone Arrow
  1670 | D:2      | Reached skill level 4 in Earth Magic
  2007 | D:2      | Noticed Terence
  2419 | D:2      | Reached XP level 4. HP: 24/24 MP: 6/11
  2611 | D:2      | Noticed an ogre
  2619 | D:2      | Killed an ogre
  2620 | D:2      | Reached skill level 1 in Conjurations
  2620 | D:2      | Reached XP level 5. HP: 28/28 MP: 7/13
  3347 | D:2      | Learned a level 5 spell: Lee's Rapid Deconstruction
  3621 | D:3      | Reached skill level 5 in Earth Magic
  4417 | D:3      | Found a sacrificial altar of Ru.
  4559 | D:4      | Reached XP level 6. HP: 31/32 MP: 6/14
  4760 | D:4      | Reached skill level 6 in Earth Magic
  4802 | D:4      | Killed from afar by an orc priest

Illustrated notes

Levels and vault maps discovered:
D:1:      dpeg_arrival_round_b, layout_rooms
D:2:      layout_basic, uniq_terence
D:3:      layout_loops_ring, lemuel_coloured_pillars_altar
D:4:      layout_basic

Skill      XL: |  1  2  3  4  5  6 |
---------------+-------------------+-----
Stealth        | 3 |  3.7
Dodging        | 3 |  3.5
Earth Magic    | 4 5 6 |  6.6
Spellcasting   | 4 |  4.1
Conjurations   | 1 |  1.5
Transmutations | |  1.1

Action                   |  1- 3 |  4- 6 || total
-------------------------+-------+-------++-------
Melee: Short sword       |    70 |    82 ||   152
       Hand axe          |    12 |       ||    12
       Long sword        |       |    11 ||    11
 Fire: Shortbow          |       |    22 ||    22
 Cast: Sandblast         |    40 |    30 ||    70
       Stone Arrow       |     2 |     2 ||     4
 Stab: Sleeping          |     3 |     3 ||     6
Armor: Robe              |    15 |    45 ||    60
Dodge: Dodged            |    85 |   128 ||   213
       Rpst.: Long sword |       |     2 ||     2
